 Dungeon Crawl Stone Soup version 0.30-b1-2-g02819fbbbe (webtiles) character file.

Game seed: 5220484356804676833

712 protoss039 the Digger (level 7, 0/79 HPs)
             Began as a Demonspawn Earth Elementalist on July 2, 2023.
             Succumbed to Dowan's poison
             ... on level 5 of the Dungeon.
             The game lasted 00:09:28 (5110 turns).

protoss039 the Digger (DsEE)                        Turns: 5110, Time: 00:09:28

Health: 0/79       AC: 23    Str:  8    XL:     7   Next: 41%
Magic:  1/13       EV:  2    Int: 18    God:
Gold:   242        SH:  0    Dex: 14    Spells: 8/14 levels left

rFire   . . .        e - +0 dagger
rCold   . . .        (no shield)
rNeg    . . .        c - melded +1 animal skin
rPois   +            (helmet currently unavailable)
rElec   .            (cloak currently unavailable)
rCorr   .            s - melded +0 pair of gloves
SInv    .            (boots currently unavailable)
Will    .....        (no amulet)
Stlth   ++           (no ring)
HPRegen 0.33/turn    (no ring)
MPRegen 0.13/turn

%: no passive effects
@: mighty, lethally poisoned (0 -> -3), tree-form
A: stationary, stasis, torment immunity, boosted hp, ignite blood 1, powered by
death 1, (weakness stinger 2)
a: no special abilities


You were on level 5 of the Dungeon.
You were a tree.
You visited 2 branches of the dungeon, and saw 6 of its levels.

You collected 242 gold pieces.

Inventory:

Hand Weapons
 e - a +0 dagger (weapon)
Armour
 c - a +1 animal skin (melded)
 s - a +0 pair of gloves (melded)
Wands
 a - a wand of light (8)
Scrolls
 d - 4 scrolls of identify
 g - a scroll of enchant weapon {unknown}
 h - a scroll of amnesia {unknown}
 j - 4 scrolls of teleportation {unknown}
 k - 2 scrolls of acquirement {unknown}
 o - a scroll of fog {unknown}
 p - a scroll of butterflies {unknown}
 t - a scroll of blinking
Potions
 b - a potion of magic
 i - 2 potions of flight
 r - 2 potions of mutation


   Skills:
 + Level 3.8 Fighting
 + Level 1.2 Armour
 - Level 1.7 Dodging
 - Level 1.7 Stealth
 + Level 4.3 Spellcasting
 + Level 3.1 Conjurations
 - Level 0.8 Transmutations
 + Level 4.6 Earth Magic


You had 8 spell levels left.
You knew the following spells:

 Your Spells              Type           Power      Damage    Failure   Level
a - Sandblast             Erth           40%        2d10      2%          1
b - Passwall              Tmut/Erth      10%        N/A       7%          2
c - Stone Arrow           Conj/Erth      34%        3d9       9%          3

Your spell library contained the following spells:

 Spells                   Type           Power      Damage    Failure   Level
 Hailstorm                Conj/Ice       9%         3d4       22%         3
 Petrify                  Tmut/Erth      13%        N/A       43%         4
 Animate Armour           Summ/Erth      24%        N/A       50%         4
 Ice Form                 Ice/Tmut       5%         N/A       75%         4
 Simulacrum               Ice/Necr       1%         N/A       100%        6
 Lehudib's Crystal Spear  Conj/Erth      8%         10d4      100%        8


Dungeon Overview and Level Annotations

Branches:
Dungeon (5/15) Zot: 24884  Temple (1/1) D:4 Zot: 5943

Altars:
Ashenzari
Cheibriados
Dithmenos
Gozag
Hepliaklqana
Nemelex Xobeh
Qazlal
Sif Muna
Trog
Uskayaw
Xom
Yredelemnul

Annotations:
D:3 exclusion: downstairs
D:5 Dowan


Innate Abilities, Weirdness & Mutations

You are a tree.
Your roots penetrate the ground, keeping you stationary.
You cannot be teleported.
You are immune to unholy pain and torment.
Your maximum health is greatly increased.
Your equipment is partially melded.
Your demonic aura sometimes causes spilled blood to erupt in flames.
You regenerate a little health from kills.
((You have a tail ending in a sharp stinger.))


Message History

* * * LOW HITPOINT WARNING * * *
You feel very sick.
Dowan hits you with a +1 dagger of venom.
* * * LOW HITPOINT WARNING * * *
You are more poisoned.
Dowan hits you with a +1 dagger of venom.
* * * LOW HITPOINT WARNING * * *
You are more poisoned.
It was a potion of curing.
You feel better. Dowan hits you but does no damage.
You are poisoned.
Unknown command.
Casting: Stone Arrow (dangerous; 9% risk of failure)
Confirm with . or Enter, or press ? or * to list all spells.
You don't have enough magic to cast this spell.
Unknown command.
Casting: Stone Arrow (dangerous; 9% risk of failure)
Confirm with . or Enter, or press ? or * to list all spells.
Aiming: Sandblast (safe; 2% risk of failure)
Press: ? - help, Shift-Dir - straight line, f/p - Dowan
Aim: Dowan, wielding a +1 dagger of venom and wearing a +0 robe (severely wounded, fast, 76% to hit)
The blast of sand hits Dowan but does no damage.
Dowan is severely wounded.
* * * LOW HITPOINT WARNING * * *
You feel sick. Dowan hits you but does no damage.
Dowan hits you with a +1 dagger of venom.
* * * LOW HITPOINT WARNING * * *
Casting: Sandblast (safe; 2% risk of failure)
Confirm with . or Enter, or press ? or * to list all spells.
Aiming: Sandblast (safe; 2% risk of failure)
Press: ? - help, Shift-Dir - straight line, f/p - Dowan
Aim: Dowan, wielding a +1 dagger of venom and wearing a +0 robe (severely wounded, fast, 76% to hit)
Okay, then.
Okay, then.
Okay, then.
Really quaff the potion of lignification?
You turn into a tree.
Your +0 pair of gloves melds into your body.
Your +1 animal skin melds into your body.
Your roots penetrate the ground.
You die...

#.. #####..### ###
.........######### ####[.
#.).......>........ .....
#................# ##...
#.......)........# #....
#................# #....
#..........).....# #....
#.......))♣e.....# #....
##................######....
...........#................
#.........#......######...#
.......############ #...#
.#.#### ##### #


You could see Dowan (fast).

Vanquished Creatures
  Duvessa (D:5)
  An orc warrior (D:4)
  A phantom (D:4)
  A scorpion (D:5)
  2 hounds
  A jelly (D:4)
  An orc priest (D:4)
  A gnoll bouda (D:4)
  2 orc wizards (D:5)
  4 gnolls (D:4)
  4 adders
  5 worms
  A dart slug (D:2)
  10 orcs
  6 ball pythons
  7 bats
  7 endoplasms
  3 giant cockroaches
  3 hobgoblins
  11 jackals
  5 kobolds
  7 quokkas
  3 frilled lizards
  8 goblins
  6 rats
101 creatures vanquished.

Vanquished Creatures (others)
  A plant (D:1)
1 creature vanquished.

Grand Total: 102 creatures vanquished

Notes
Turn   | Place    | Note
-------+----------+-------------------------------------------
     0 | D:1      | protoss039 the Demonspawn Earth Elementalist began the
                  | quest for the Orb.
     0 | D:1      | Reached XP level 1. HP: 13/13 MP: 3/3
   277 | D:1      | Gained mutation: Your demonic aura sometimes causes spilled
                  | blood to erupt in flames. [demonic ancestry]
   277 | D:1      | Reached XP level 2. HP: 20/20 MP: 3/5
   356 | D:1      | Reached skill level 1 in Fighting
   681 | D:1      | Gained mutation: You regenerate a little health from kills.
                  | [demonic ancestry]
   681 | D:1      | Reached XP level 3. HP: 22/26 MP: 1/6
   991 | D:1      | Learned a level 2 spell: Passwall
  1796 | D:2      | Gained mutation: You have a small tail. [demonic ancestry]
  1796 | D:2      | Reached XP level 4. HP: 33/33 MP: 6/8
  2201 | D:2      | Learned a level 3 spell: Stone Arrow
  2574 | D:3      | Found a broken altar of Ashenzari.
  3040 | D:4      | Noticed an orc warrior
  3300 | D:4      | Found a shadowy altar of Dithmenos.
  3333 | D:4      | Reached skill level 1 in Conjurations
  3333 | D:4      | Reached XP level 5. HP: 39/39 MP: 6/9
  3479 | D:4      | Noticed a phantom
  3495 | D:4      | Killed a phantom
  3666 | D:4      | Reached XP level 6. HP: 46/46 MP: 7/11
  3716 | D:4      | Found a staircase to the Ecumenical Temple.
  3729 | Temple   | Entered the Ecumenical Temple
  4393 | D:4      | Killed an orc warrior
  4586 | D:4      | Found a bloodstained altar of Trog.
  4702 | D:5      | Entered Level 5 of the Dungeon
  4744 | D:5      | Found a stormy altar of Qazlal.
  4795 | D:5      | Noticed Duvessa
  4795 | D:5      | Noticed Dowan
  4938 | D:5      | Gained mutation: You have a tail ending in a sharp stinger.
                  | [demonic ancestry]
  4938 | D:5      | Reached XP level 7. HP: 52/52 MP: 6/13
  5103 | D:5      | Killed Duvessa
  5104 | D:5      | Reached skill level 1 in Armour
  5107 | D:5      | HP: 1/53 [Dowan/+1 dagger of venom (2)]
  5110 | D:5      | Succumbed to Dowan's poison

Illustrated notes

Levels and vault maps discovered:
D:1:      dpeg_arrival_simpleton_a, layout_basic, serial_forest,
          infiniplex_forest_clump_long, infiniplex_forest_lined_2,
          infiniplex_forest_lined_room_3, infiniplex_forest_clump_double,
          infiniplex_forest_diagonal, infiniplex_forest_straight_5
D:2:      layout_basic, minmay_hedge_maze
D:3:      layout_loops_ring, mainiacjoe_overflow_catwalk_spiral
D:4:      layout_rooms, mainiacjoe_overflow_chevrons, bloody_trog, temple_green,
          kennysheep_generic_room_11
D:5:      layout_basic, nicolae_qazlal_general_emergency, uniq_duvessa
Temple:   nicolae_temple_ecumenical_triangle

Skill      XL: |  1  2  3  4  5  6  7 |
---------------+----------------------+-----
Fighting       | 1 2 3 |  3.8
Earth Magic    | 3 4 |  4.6
Spellcasting   | 3 4 |  4.3
Conjurations   | 1 2 3 |  3.1
Armour         | 1 |  1.2
Dodging        | |  1.7
Stealth        | |  1.7
Transmutations | |  0.8

Action                     |  1- 3 |  4- 6 |  7- 9 || total
---------------------------+-------+-------+-------++-------
  Melee: Dagger            |    56 |    17 |     9 ||    82
         Unarmed           |     1 |       |       ||     1
         Punch             |     1 |     1 |     1 ||     3
   Cast: Sandblast         |    55 |    96 |     9 ||   160
         Stone Arrow       |       |    11 |     3 ||    14
  Evoke: Wand              |       |       |     2 ||     2
    Use: Scroll            |       |     5 |       ||     5
         Potion            |       |     6 |     3 ||     9
   Stab: Sleeping          |       |     1 |       ||     1
         Invisible         |       |     3 |       ||     3
 Armour: Robe              |     9 |     8 |       ||    17
         Skin              |       |    33 |       ||    33
         Animal skin       |       |       |     7 ||     7
  Dodge: Dodged            |    52 |    36 |    12 ||   100
